 Dungeon Crawl Stone Soup version 0.28.0-45-g0d030f2227 (webtiles) character file.

Game seed: 9221568825490404202

171 Icepheonix32 the Shield-Bearer (level 5, -3/41 HPs)
             Began as a Demonspawn Fighter on Apr 7, 2022.
             Slain by a kobold brigand
             ... wielding a +0 short sword
              (4 damage)
             ... in a sewer.
             The game lasted 00:02:00 (2407 turns).

Icepheonix32 the Shield-Bearer (Demonspawn Fighter) Turns: 2407, Time: 00:02:01

Health: -3/41      AC:  7    Str: 19    XL:     5   Next: 26%
Magic:  5/5        EV:  9    Int:  9    God:
Gold:   69         SH:  9    Dex: 12    Spells: 4/4 levels left

rFire   . . .      SeeInvis .   a - +0 long sword
rCold   . . .      Faith    .   c - +0 buckler
rNeg    . . .      Spirit   .   b - +0 scale mail
rPois   .          Reflect  .   (no helmet)
rElec   .          Harm     .   (no cloak)
rCorr   .          Rampage  .   (no gloves)
Will    .....                   (no boots)
Stlth   ..........              (no amulet)
HPRegen 0.13/turn               (no ring)
MPRegen 0.09/turn               (no ring)

@: no status effects
A: condensation shield
a: no special abilities


You were in a sewer.
You visited 1 branch of the dungeon, and saw 3 of its levels.
You also visited: Sewer.

You collected 69 gold pieces.

Inventory:

Hand Weapons
 a - a +0 long sword (weapon)
Armour
 b - a +0 scale mail (worn)
 c - a +0 buckler (worn)
 k - a +0 plate armour
Wands
 j - a wand of iceblast (5)
Scrolls
 d - a scroll of fog
 e - 2 scrolls of magic mapping {unknown}
 f - a scroll of teleportation {unknown}
 h - a scroll of enchant weapon {unknown}
 m - a scroll of immolation {unknown}
Potions
 i - a potion of degeneration
 l - a potion of haste
 n - a potion of lignification {unknown}


   Skills:
 + Level 3.5 Fighting
 - Level 2.0 Long Blades
 + Level 3.7 Armour
 + Level 1.5 Dodging
 + Level 0.2 Stealth
 * Level 3.8 Shields


You had 4 spell levels left.
You didn't know any spells.
Your spell library contained the following spells:

 Spells                   Type           Power      Damage    Failure   Level
 Animate Skeleton         Necr           0%         N/A       83%         1
 Pain                     Necr           0%         1d4       83%         1
 Vampiric Draining        Necr           0%         2d6       99%         3


Dungeon Overview and Level Annotations

Branches:
Dungeon (3/15)              Sewer (1/1)

Altars:
Gozag


Innate Abilities, Weirdness & Mutations

A meltable shield of frost defends you. (SH +4)


Message History

The kobold brigand is heavily wounded.
The kobold brigand splashes around in the water.
The kobold brigand hits you with a +0 short sword.
You hit the kobold brigand.
The kobold brigand is severely wounded.
You block the kobold brigand's attack.
The kobold brigand hits you with a +0 short sword.
* * * LOW HITPOINT WARNING * * *
You hit the kobold brigand.
The kobold brigand is severely wounded.
You block the kobold brigand's attack.
The kobold brigand splashes around in the water.
You barely miss the kobold brigand.
The kobold brigand is severely wounded.
The kobold brigand hits you with a +0 short sword!
* * * LOW HITPOINT WARNING * * *
The kobold brigand hits you with a +0 short sword.
* * * LOW HITPOINT WARNING * * *
Unknown command.
Okay, then.
You feel better.
You feel yourself speed up.
The kobold brigand hits you with a +0 short sword.
* * * LOW HITPOINT WARNING * * *
The kobold brigand hits you with a +0 short sword.
* * * LOW HITPOINT WARNING * * *
Unknown command.
You hit the kobold brigand.
The kobold brigand is severely wounded.
The kobold brigand splashes around in the water.
Unknown command.
You hit the kobold brigand.
The kobold brigand is almost dead.
The kobold brigand hits you with a +0 short sword.
* * * LOW HITPOINT WARNING * * *
Unknown command.
You closely miss the kobold brigand.
The kobold brigand is almost dead.
The kobold brigand hits you with a +0 short sword.
You die...

.#
##≈.≈#
#.≈≈#
#≈≈≈#
##..≈##
#≈≈≈≈≈#
#≈###≈#
#.# ≈#
##≈##
≈#
#≈K@#
#≈#≈#
#≈#≈#
#≈#≈#
#.#!#
#####


You could see a kobold brigand.

Vanquished Creatures
  A scorpion (D:2)
  Jessica (D:2)
  Ijyb (D:3)
  An adder (D:2)
  A worm (D:2)
  A dart slug (D:1)
  5 ball pythons (D:2)
  An endoplasm (D:1)
  5 giant cockroaches
  2 goblins (D:1)
  4 hobgoblins
  5 quokkas
  7 bats
  2 frilled lizards
  3 kobolds (D:2)
  4 rats
44 creatures vanquished.

Notes
Turn   | Place    | Note
-------+----------+-------------------------------------------
     0 | D:1      | Icepheonix32 the Demonspawn Fighter began the quest for the
                  | Orb.
     0 | D:1      | Reached XP level 1. HP: 18/18 MP: 1/1
   201 | D:1      | Found a faded altar of an unknown god.
   443 | D:1      | Gained mutation: A meltable shield of frost defends you.
                  | (SH +4) [demonic ancestry]
   443 | D:1      | Reached XP level 2. HP: 21/24 MP: 2/2
  1205 | D:2      | Found an opulent altar of Gozag.
  1213 | D:2      | Noticed a scorpion
  1228 | D:2      | Reached XP level 3. HP: 3/29 MP: 3/3
  1229 | D:2      | Killed a scorpion
  1230 | D:2      | Reached skill level 1 in Dodging
  1230 | D:2      | Reached XP level 4. HP: 2/35 MP: 4/4
  2050 | D:2      | Noticed Jessica
  2057 | D:2      | Killed Jessica
  2254 | D:3      | Noticed Ijyb
  2270 | D:3      | Killed Ijyb
  2271 | D:3      | Reached XP level 5. HP: 41/41 MP: 5/5
  2359 | D:3      | Found a glowing drain.
  2372 | Sewer    | Entered a sewer
  2406 | Sewer    | HP: 1/41 [kobold brigand/+0 short sword (3)]
  2407 | Sewer    | Slain by a kobold brigand

Illustrated notes

Levels and vault maps discovered:
D:1:      evilmike_arrival_rings, layout_loops_corners,
          hellmonk_ecumenical_altar_inner_sanctum
D:2:      layout_basic, basic_altar, grunt_ministairs_5, uniq_jessica
D:3:      layout_basic, general_overflow_altar, gup_sewer_entry_pipe,
          kennysheep_generic_room_16, uniq_ijyb
Sewer:    sewer_co_tree

Skill      XL: |  1  2  3 |
---------------+----------+-----
Long Blades    | 2 |  2.0
Shields        | 3 |  3.8
Armour         | 3 |  3.7
Dodging        | 1 |  1.5
Fighting       | |  3.5
Stealth        | |  0.2

Action                   |  1- 3 |  4- 6 || total
-------------------------+-------+-------++-------
Melee: Long sword        |    79 |    80 ||   159
  Use: Potion            |     1 |     1 ||     2
       Scroll            |       |     4 ||     4
Armor: Scale mail        |    53 |    14 ||    67
Dodge: Dodged            |    37 |    25 ||    62
Block: Buckler           |    33 |    38 ||    71
